 Dungeon Crawl Stone Soup version 0.19-a0-1922-g1e9a4c1 (webtiles) character file.

33 Kaname the Stinger (level 3, 0/24 HPs)
             Began as a Demonspawn Venom Mage on Oct 24, 2016.
             Slain by a kobold
             ... wielding a +0 dagger
              (2 damage)
             ... on level 2 of the Dungeon.
             The game lasted 00:03:01 (1035 turns).

Kaname the Stinger (Demonspawn Venom Mage)          Turns: 1035, Time: 00:03:01

Health: 0/24       AC:  3    Str:  8    XL:     3   Next: 12%
Magic:  6/6        EV: 12    Int: 17    God:
Gold:   25         SH:  0    Dex: 13    Spells: 1 memorised, 5 levels left

rFire  . . .     SeeInvis .     l - -2 dagger (curse)
rCold  . . .     Gourm    .     a - +0 robe
rNeg   . . .     Faith    .     (no shield)
rPois  .         Spirit   .     (helmet restricted)
rElec  .         Reflect  .     (no cloak)
rCorr  .         Harm     .     (no gloves)
MR     .....                    g - +0 pair of boots (curse)
Stlth  ++........               (no amulet)
                                (no ring)
                                (no ring)

@: no status effects
A: antennae 1, demonic guardian 1
a: no special abilities


You were on level 2 of the Dungeon.
You were hungry.

You visited 1 branch of the dungeon, and saw 2 of its levels.

You collected 25 gold pieces.

Inventory:

Hand Weapons
 h - a +0 dagger
 l - a cursed -2 dagger (weapon)
Armour
 a - a +0 robe (worn)
 g - a cursed +0 pair of boots (worn)
Scrolls
 k - a scroll of fog
Potions
 d - a potion of flight {unknown}
 e - a potion of ambrosia {unknown}
 i - a potion of agility {unknown}
 j - a potion of curing {unknown}
Books
 b - a Young Poisoner's Handbook

   Spells                             Type                      Level
   a - Sting                          Conjuration/Poison           1
   b - Mephitic Cloud                 Conjuration/Poison/Air       3
   c - Olgreb's Toxic Radiance        Poison                       4
   d - Alistair's Intoxication        Transmutation/Poison         5
   e - Venom Bolt                     Conjuration/Poison           5
Comestibles
 c - a bread ration
 f - 5 fruits


   Skills:
 - Level 1.7 Dodging
 - Level 1.7 Stealth
 - Level 2.0 Spellcasting
 + Level 2.8 Conjurations
 - Level 4.0 Poison Magic


You had 5 spell levels left.
You knew the following spells:

 Your Spells              Type           Power        Failure   Level  Hunger
a - Sting                 Conj/Pois      ##..         6%          1    #......


Dungeon Overview and Level Annotations

Branches:
Dungeon (2/15)

Altars:


Innate Abilities, Weirdness & Mutations

You have a pair of small antennae on your head.
A weak demonic guardian rushes to your aid.


Message History

The kobold hits you but does no damage. The kobold closely misses you.
The kobold hits you but does no damage. The kobold hits you with a dagger.
* * * LOW HITPOINT WARNING * * *
The kobold hits you with a dagger.
* * * LOW HITPOINT WARNING * * *
The kobold barely misses you. The kobold hits you but does no damage.
The kobold hits you but does no damage. The kobold closely misses you.
The kobold hits you but does no damage. The kobold hits you with a dagger.
* * * LOW HITPOINT WARNING * * *
The kobold hits you with a dagger.
* * * LOW HITPOINT WARNING * * *
The kobold hits you but does no damage. The kobold closely misses you.
The kobold hits you with a dagger.
You die...

............##.###.#
#.......
#.......###........#
#.#..... #.......#
####.##### #......#
........# #.#
###..... .#####.
##.## #..... #...#
### #...# #...#
#.@K# #............#
........)......
#............##
#.####...##### .
#...# #...# #...#


You could see a kobold.

Vanquished Creatures
  2 adders (D:2)
  A dart slug (D:1)
  3 bats
  A giant cockroach (D:2)
  2 goblins (D:1)
  A hobgoblin (D:2)
  3 kobolds (D:1)
  A frilled lizard (D:1)
14 creatures vanquished.

Notes
Turn   | Place    | Note
-------+----------+-------------------------------------------
     0 | D:1      | Kaname the Demonspawn Venom Mage began the quest for the Orb.
     0 | D:1      | Reached XP level 1. HP: 13/13 MP: 3/3
   133 | D:1      | Reached skill level 1 in Conjurations
   417 | D:1      | Gained mutation: A weak demonic guardian rushes to your aid. [demonic ancestry]
   417 | D:1      | Reached XP level 2. HP: 12/19 MP: 3/5
   947 | D:2      | Gained mutation: You have a pair of small antennae on your head. [demonic ancestry]
   947 | D:2      | Reached XP level 3. HP: 24/24 MP: 0/6
  1035 | D:2      | Slain by a kobold

Vault maps used:
D:1:      dpeg_arrival_arbitrary_c
D:2:      nemelex_xobeh_ov_fountains_minmay

Skill      XL: |  1  2 |
---------------+-------+-----
Conjurations   | 1 2 |  2.8
Dodging        | |  1.7
Stealth        | |  1.7
Spellcasting   | |  2.0
Poison Magic   | |  4.0

Action                   || total
-------------------------++-------
Melee: Dagger            ||     8
 Cast: Sting             ||    29
  Use: Scroll            ||     2
Armor: Robe              ||    18
Dodge: Dodged            ||    38
